[Event "Early-Titled-Tuesday-Blitz-December-26-2023"]
[Site "Chess.com"]
[Date "2023.12.26"]
[Round "4"]
[White "jacky72"]
[Black "Dinosaurio_1975"]
[Result "0-1"]
[WhiteElo "2804"]
[BlackElo "2613"]
[TimeControl "180+1"]
[EndTime "8:36:40 PST"]
[Termination "Dinosaurio_1975 won by resignation"]

1. e4 c6 2. Nf3 d5 3. d3 e6 4. Nc3 Nf6 5. Be2 c5 6. exd5 exd5 7. d4 Nc6 8. O-O Be7 9. Bg5 O-O 10. dxc5 d4 11. Bxf6 Bxf6 12. Ne4 Be7 13. c3 dxc3 14. Qxd8 Rxd8 15. bxc3 Bf5 16. Nd6 Bxd6 17. cxd6 Rxd6 18. Rfd1 Rad8 19. Kf1 Kf8 20. Rxd6 Rxd6 21. Rd1 Rxd1+ 22.
Bxd1 Ke7 23. Ke2 Kd6 24. Ke3 f6 25. Nd4 Nxd4 26. Kxd4 b5 27. a4 bxa4 28. Bxa4 Bd7 29. Bb3 Bc6 30. c4 Bxg2 31. c5+ Kc7 32. Kc4 Bc6 33.
Bc2 g6 34. Bb1 Kd7 35. Ba2 a5 36. Kd4 Ke7 37. Kc4 h5 38. Kd4 g5 39. Bc4 h4 40.
Be2 Ke6 41. Bg4+ f5 42. Bd1 a4 43. Kc4 a3 44. Bb3 Ke5 45. Kb4 Kd4 46. Kxa3 Kxc5 47.
Kb2 Kd4 48. Kc2 Ke4 49. Be6 Kf3 50. Kd2 Be4 51. Ke1 Kg2 52. Ke2 g4 53. Ke3 Kxh2 54. Kf4 Kg2 55. Bxf5 Bxf5 56. Kxf5 h3 57. Kxg4 h2 58.
f4 h1=Q 59. f5 Qh6 0-1

[Event "Early-Titled-Tuesday-Blitz-December-26-2023"]
[Site "Chess.com"]
[Date "2023.12.26"]
[Round "4"]
[White "SergioMoralesG"]
[Black "Ramosha"]
[Result "1/2-1/2"]
[WhiteElo "2388"]
[BlackElo "2585"]
[TimeControl "180+1"]
[EndTime "8:36:44 PST"]
[Termination "Game drawn by repetition"]

1. d4 d5 2. c4 dxc4 3. Nf3 Nf6 4. e3 e6 5. Bxc4 a6 6. O-O b5 7. Bb3 c5 8. Nc3 Bb7 9. e4 Nxe4 10. Nxe4 Bxe4 11.
Re1 Bb7 12. d5 c4 13. dxe6 Qxd1 14. exf7+ Kxf7 15. Bxd1 Nd7 16. a4 Be7 17. Bd2 Bf6 18. Bc3 Bc6 19. Bxf6 gxf6 20. Nd4 Ne5 21. f4 Nd3 22. Nxc6 Nxe1 23. Bh5+ Kg7 24. Rxe1 bxa4 25.
Ne7 Rhb8 26. Nf5+ Kf8 27. Re7 Rxb2 28. Rxh7 Kg8 29. Rg7+ Kh8 30. Bg6 Rab8 31. Rh7+ Kg8 32. Rg7+ Kh8 33. Rh7+ Kg8 34. Rg7+ Kf8 35. Rh7 Rb1+ 36.
Kf2 R1b2+ 37. Kg3 Kg8 38. Rg7+ Kh8 39. Rh7+ Kg8 40. Rg7+ Kh8 41. Rh7+ Kg8 1/2-1/2

[Event "Early-Titled-Tuesday-Blitz-December-26-2023"]
[Site "Chess.com"]
[Date "2023.12.26"]
[Round "4"]
[White "thechesscorner64"]
[Black "nekotyanof"]
[Result "0-1"]
[WhiteElo "2433"]
[BlackElo "2637"]
[TimeControl "180+1"]
[EndTime "8:36:45 PST"]
[Termination "nekotyanof won by checkmate"]

1. e4 c5 2. Nf3 Nc6 3. Bb5 e5 4.
O-O Bd6 5. Nc3 a6 6. Be2 Nf6 7. d3 h6 8. Nd5 Nxd5 9. exd5 Ne7 10. c4 g5 11. Nd2 f5 12. Bh5+ Kf8 13. b4 cxb4 14. Nb3 b6 15. d4 Qc7 16. c5 bxc5 17. dxc5 Bxc5 18. Bd2 d6 19. Rc1 Nxd5 20. Qf3 e4 21. Qh3 Qe7 22. Be2 Be6 23. Bc4 f4 24. Qh5 Bf7 25. Qe2 Kg7 26. Nxc5 dxc5 27. a3 a5 28.
Rfe1 Rhe8 29. Bb5 Red8 30. Qxe4 Qxe4 31. Rxe4 Nf6 32. Re2 Rac8 33. h4 Rxd2 34. Rxd2 c4 35. axb4 axb4 36. hxg5 hxg5 37. Rd4 b3 38. Rc3 b2 39.
Rd1 Rb8 40. Bxc4 Bxc4 41. Rxc4 b1=Q 42. Rxb1 Rxb1+ 43. Kh2 Ng4+ 44. Kh3 Nxf2+ 45. Kh2 Rh1# 0-1

[Event "Early-Titled-Tuesday-Blitz-December-26-2023"]
[Site "Chess.com"]
[Date "2023.12.26"]
[Round "4"]
[White "KorolDimitriy75"]
[Black "Journey_to_GrandMaster_YT"]
[Result "0-1"]
[WhiteElo "2356"]
[BlackElo "2540"]
[TimeControl "180+1"]
[EndTime "8:36:45 PST"]
[Termination "Journey_to_GrandMaster_YT won on time"]

1. d4 d6 2. Nf3 Nf6 3. c4 Nbd7 4. Nc3 e5 5. e4 Be7 6. Be2 O-O 7. O-O c6 8. Re1 a6 9. Rb1 b5 10. b4 Qc7 11. a4 bxc4 12. Bxc4 exd4 13. Nxd4 Ne5 14. Bf1 c5 15. bxc5 dxc5 16. Nf5 Bxf5 17. exf5 Rfd8 18. Qc2 c4 19. Bf4 Nf3+ 20. gxf3 Qxf4 21. Rxe7 Rd2 22. Qc1 Ng4 23. fxg4 Qxf2+ 0-1

[Event "Early-Titled-Tuesday-Blitz-December-26-2023"]
[Site "Chess.com"]
[Date "2023.12.26"]
[Round "4"]
[White "frederiksvane"]
[Black "suyu28"]
[Result "1-0"]
[WhiteElo "2952"]
[BlackElo "2789"]
[TimeControl "180+1"]
[EndTime "8:36:52 PST"]
[Termination "frederiksvane won by resignation"]

1. e4 c6 2. d4 d5 3. exd5 cxd5 4.
Nf3 Nc6 5. c3 Nf6 6. Ne5 e6 7.
Nd2 Bd6 8. f4 O-O 9. Bd3 Qc7 10.
O-O b6 11. Rf3 Bb7 12. Rh3 g6 13. Ndf3 Ne7 14. Ng5 Nf5 15. g4 Ne7 16. Qe1 h5 17.
gxh5 Nxh5 18. Rxh5 gxh5 19. Qh4 Nf5 20. Qxh5 f6 21.
Nxe6 Qe7 22. Bxf5 fxe5 23. fxe5 Bxe5 24. dxe5 Bc8 25. Nxf8 Qxe5 26. Bh7+ Kxf8 27. Qxe5 1-0

[Event "Early-Titled-Tuesday-Blitz-December-26-2023"]
[Site "Chess.com"]
[Date "2023.12.26"]
[Round "4"]
[White "aksuliini1"]
[Black "matagordo"]
[Result "0-1"]
[WhiteElo "2479"]
[BlackElo "2247"]
[TimeControl "180+1"]
[EndTime "8:36:52 PST"]
[Termination "matagordo won by checkmate"]

1. e4 e6 2. d4 d5 3. Nd2 Nc6 4. Ngf3 Nf6 5. e5 Nd7 6. c3 f6 7.
exf6 Qxf6 8. Bb5 Bd6 9. O-O O-O 10. Nb3 Kh8 11. Bg5 Qf7 12. Re1 e5 13. Bxc6 e4 14.
Bxd7 exf3 15. Bxc8 fxg2 16. Bh4 Raxc8 17. Nc5 g5 18. Ne6 gxh4 19. Nxf8 Rxf8 20. Re2 Qf4 21.
Kxg2 Qxh2+ 22. Kf1 Qh1# 0-1

[Event "Early-Titled-Tuesday-Blitz-December-26-2023"]
[Site "Chess.com"]
[Date "2023.12.26"]
[Round "4"]
[White "zverr1"]
[Black "campochess"]
[Result "1-0"]
[WhiteElo "2482"]
[BlackElo "2172"]
[TimeControl "180+1"]
[EndTime "8:36:58 PST"]
[Termination "zverr1 won by resignation"]

1. e4 c5 2. Nf3 Nc6 3. d4 cxd4 4.
Nxd4 e5 5. Nb5 a6 6. Nd6+ Bxd6 7. Qxd6 Qe7 8. Qd2 Nf6 9. f3 d6 10. c4 Be6 11. Nc3 Rd8 12. b3 O-O 13. Be2 Nd4 14.
O-O b5 15. cxb5 axb5 16. Nxb5 Nxe2+ 17. Qxe2 d5 18. Ba3 Qb7 19. Bxf8 Kxf8 20. exd5 Nxd5 21.
Rfd1 Rb8 22. a4 Qb6+ 23. Kh1 f6 24. Rac1 Nf4 25. Qd2 Bxb3 26. Qb4+ Kg8 27. Qxb3+ Kh8 28. Nd4 Qa7 29. Qxb8+ Qxb8 30. Nc6 Qg8 31. Rd8 Nd3 32. Rxd3 1-0

[Event "Early-Titled-Tuesday-Blitz-December-26-2023"]
[Site "Chess.com"]
[Date "2023.12.26"]
[Round "4"]
[White "Fischerev7"]
[Black "LeoWin2012"]
[Result "1-0"]
[WhiteElo "2391"]
[BlackElo "2225"]
[TimeControl "180+1"]
[EndTime "8:37:01 PST"]
[Termination "Fischerev7 won by checkmate"]

1. e4 c5 2. Nf3 d6 3. d4 cxd4 4. Nxd4 Nf6 5. Nc3 a6 6. Bc4 e6 7. O-O Be7 8. f4 O-O 9. f5 e5 10. Nde2 Qc7 11. Bb3 b5 12. Ng3 Bb7 13. Bg5 Nbd7 14.
a3 Nc5 15. Bxf6 Bxf6 16. Bd5 Qb6 17. Kh1 Rac8 18. Bxb7 Qxb7 19. Nd5 Bh4 20. Nh5 g6 21. fxg6 fxg6 22. Qg4 Be7 23. b4 Na4 24. Qe6+ Kh8 25. Nxe7 Rxf1+ 26. Rxf1 Re8 27. Qf6# 1-0

[Event "Early-Titled-Tuesday-Blitz-December-26-2023"]
[Site "Chess.com"]
[Date "2023.12.26"]
[Round "4"]
[White "disciplinedbrat"]
[Black "Dewarfd"]
[Result "1-0"]
[WhiteElo "2290"]
[BlackElo "2092"]
[TimeControl "180+1"]
[EndTime "8:37:01 PST"]
[Termination "disciplinedbrat won on time"]

1. h4 e5 2. h5 d5 3. e4 dxe4 4. Nc3 Nf6 5. Be2 Bc5 6. d3 exd3 7. cxd3 Bf5 8. Nf3 Nc6 9. a3 a5 10. h6 g6 11. Bg5 Be7 12. Qb3 O-O 13. Qxb7 Qd7 14.
Qb3 Rfb8 15. Qc2 Rd8 16. Rd1 Rab8 17. O-O Be6 18. Bxf6 Bxf6 19. Qd2 Bb3 20. Rc1 a4 21. Ne4 Bh8 22. Nc5 Qd6 23. Ng5 Nd4 24. Nge4 Qe7 25. Bd1 f5 26. Bxb3+ Nxb3 27. Nxb3 Rxb3 28. Nc5 Rb5 29.
Nxa4 Rdb8 30. b4 1-0

[Event "Early-Titled-Tuesday-Blitz-December-26-2023"]
[Site "Chess.com"]
[Date "2023.12.26"]
[Round "4"]
[White "Gyulamiryan-koryun"]
[Black "szefru"]
[Result "0-1"]
[WhiteElo "2000"]
[BlackElo "2263"]
[TimeControl "180+1"]
[EndTime "8:37:01 PST"]
[Termination "szefru won by resignation"]

1. e4 e6 2. d4 d5 3. Nd2 Nf6 4. e5 Nfd7 5. Bd3 c5 6. c3 Nc6 7. Ne2 cxd4 8. cxd4 Nb4 9. Bb1 Be7 10. O-O O-O 11. a3 Nc6 12. b4 Qb6 13. Nb3 a5 14. Qc2 g6 15. Bh6 Re8 16. bxa5 Nxa5 17. Nxa5 Rxa5 18. Bc1 Qa7 19. Bh6 Nb6 20. Nc3 Nc4 21.
a4 Bd7 22. Qd3 Bxa4 23. Nxa4 Rxa4 24. Bc2 Rxa1 25. Bd1 Nb2 26. Qd2 Nxd1 27. Rxd1 Bb4 28. Qe2 Qxd4 29. Rf1 Rxf1+ 30. Qxf1 Ra8 31. Bc1 Ra1 32. g3 Ba3 33. Kg2 Rxc1 0-1

[Event "Early-Titled-Tuesday-Blitz-December-26-2023"]
[Site "Chess.com"]
[Date "2023.12.26"]
[Round "4"]
[White "MetiForce"]
[Black "Sadykov_Ramil"]
[Result "1-0"]
[WhiteElo "2876"]
[BlackElo "2604"]
[TimeControl "180+1"]
[EndTime "8:37:02 PST"]
[Termination "MetiForce won on time"]

1. b3 Nf6 2. Bb2 g6 3. f4 Bg7 4. Nf3 O-O 5. e3 c5 6. Be2 Nc6 7. O-O d5 8. Qe1 Nd7 9. Bxg7 Kxg7 10. Nc3 d4 11. Ne4 b6 12. exd4 cxd4 13. Bb5 Qc7 14. Qh4 Bb7 15. Rae1 Rae8 16. f5 Nf6 17. Nfg5 h6 18.
fxg6 hxg5 19. Nxg5 Rh8 20. gxf7 Rxh4 21. fxe8=N+ Nxe8 22. Ne6+ Kg6 23. Nxc7 Nxc7 24. Bxc6 Bxc6 25. Rxe7 Rh7 26.
Rxh7 Kxh7 27. Rf7+ Kg6 28. Rxc7 1-0

[Event "Early-Titled-Tuesday-Blitz-December-26-2023"]
[Site "Chess.com"]
[Date "2023.12.26"]
[Round "4"]
[White "Petrakejzar96"]
[Black "WeAintSurePal"]
[Result "0-1"]
[WhiteElo "2318"]
[BlackElo "2524"]
[TimeControl "180+1"]
[EndTime "8:37:04 PST"]
[Termination "WeAintSurePal won by resignation"]

1. d4 d5 2. c4 e6 3. Nf3 c6 4. g3 f5 5. Bg2 Nf6 6. O-O Nbd7 7. Bf4 Be7 8. Nbd2 O-O 9. Qc2 Qe8 10.
Ne5 Ne4 11. Nxe4 fxe4 12. e3 Nf6 13. Qe2 Nh5 14. f3 Nxf4 15. exf4 exf3 16. Bxf3 Bf6 17.
c5 b6 18. b4 a5 19. a3 Ba6 20.
Qc2 Bxf1 21. Rxf1 axb4 22. axb4 Bxe5 23. fxe5 b5 24. Be2 Rxf1+ 25. Bxf1 Qf7 26. Bd3 Qf3 27.
Bxh7+ Kh8 28. Qb1 Qe3+ 29. Kg2 Qxd4 30. Qg6 Qd2+ 31. Kh3 Rf8 32. Qh5 Qh6 0-1

[Event "Early-Titled-Tuesday-Blitz-December-26-2023"]
[Site "Chess.com"]
[Date "2023.12.26"]
[Round "4"]
[White "YaWaleriy"]
[Black "BeardedNM"]
[Result "1-0"]
[WhiteElo "2329"]
[BlackElo "2155"]
[TimeControl "180+1"]
[EndTime "8:37:10 PST"]
[Termination "YaWaleriy won by resignation"]

1. d4 e6 2. Nf3 Nf6 3. c4 d5 4. Nc3 dxc4 5. e3 c5 6. Bxc4 Nc6 7. O-O cxd4 8. exd4 Be7 9. Re1 O-O 10. Bg5 b6 11. Qd2 Bb7 12. Rad1 Rc8 13. a3 Na5 14. Ba2 Nc4 15.
Qe2 Bxf3 16. gxf3 Nd6 17. Bc1 Kh8 18. d5 Re8 19. dxe6 fxe6 20. Qxe6 Bf8 21. Qh3 Rxe1+ 22.
Rxe1 Nc4 23. Qh4 Nxa3 24. Bg5 Nc2 25. Rd1 Qe7 26. Bb1 Nb4 27. Ne4 h6 28. Nxf6 gxf6 29.
Bxf6+ 1-0

[Event "Early-Titled-Tuesday-Blitz-December-26-2023"]
[Site "Chess.com"]
[Date "2023.12.26"]
[Round "4"]
[White "Drags95"]
[Black "Kacparov"]
[Result "1/2-1/2"]
[WhiteElo "2802"]
[BlackElo "2955"]
[TimeControl "180+1"]
[EndTime "8:37:11 PST"]
[Termination "Game drawn by repetition"]

1. d4 Nf6 2. c4 e6 3. Nf3 b6 4.
g3 Ba6 5. b3 Bb4+ 6. Bd2 Be7 7.
Bg2 c6 8. Bc3 O-O 9. Nbd2 d5 10.
O-O Nbd7 11. Re1 Bb7 12. e4 dxe4 13. Nxe4 Nxe4 14. Rxe4 c5 15. Re1 Bf6 16. Rc1 Rc8 17.
d5 exd5 18. cxd5 Bxc3 19. Rxc3 Nf6 20. Rd3 Qd6 21. Ne5 b5 22. Nc6 Rce8 23. Nxa7 Rxe1+ 24. Qxe1 Re8 25. Re3 Rxe3 26. Qxe3 b4 27. Nc6 Kf8 28. h3 Nxd5 29. Bxd5 Bxc6 30. Bxc6 Qxc6 31. Qe5 h6 32. h4 Kg8 33. Kh2 g6 34. h5 gxh5 35. Qxh5 Kg7 36. Qg4+ Kf8 37. Qf5 Qd6 38. Kg2 Kg7 39. Kf3 Qd1+ 40.
Kg2 Qd6 41. Kf3 Qd1+ 42. Kg2 Qd6 1/2-1/2

[Event "Early-Titled-Tuesday-Blitz-December-26-2023"]
[Site "Chess.com"]
[Date "2023.12.26"]
[Round "4"]
[White "sheldons73tshirt"]
[Black "CFalcons8"]
[Result "1-0"]
[WhiteElo "2512"]
[BlackElo "2211"]
[TimeControl "180+1"]
[EndTime "8:37:11 PST"]
[Termination "sheldons73tshirt won by resignation"]

1. e4 c5 2. c3 d5 3. exd5 Qxd5 4.
d4 cxd4 5. cxd4 Nc6 6. Nf3 e6 7. Nc3 Bb4 8. Be2 Nf6 9. O-O Qd8 10. Bg5 h6 11. Bh4 g5 12. Bg3 Nd5 13. Rc1 Nce7 14. Ne5 Bd7 15. Nxd7 Qxd7 16. Bb5 Nc6 17. Nxd5 Qxd5 18. Qa4 Be7 19. Rxc6 O-O 20. Rc7 Bf6 21. Be5 Bxe5 22. dxe5 Qxe5 23. Rxb7 a6 24. Bc6 Rfc8 25. Bf3 Rc5 26. Rxf7 1-0

[Event "Early-Titled-Tuesday-Blitz-December-26-2023"]
[Site "Chess.com"]
[Date "2023.12.26"]
[Round "4"]
[White "Blackwhite017"]
[Black "Philosopherrr"]
[Result "0-1"]
[WhiteElo "2087"]
[BlackElo "2391"]
[TimeControl "180+1"]
[EndTime "8:37:11 PST"]
[Termination "Philosopherrr won on time"]

1. e4 e5 2. Nf3 Nc6 3. Bb5 a6 4.
Bxc6 dxc6 5. O-O Qd6 6. d4 exd4 7.
Qxd4 Bd7 8. Be3 Qxd4 9. Bxd4 O-O-O 10. Nbd2 c5 11. Bc3 f6 12. Rfd1 Ne7 13. a4 Nc6 14. b3 Be6 15. Nf1 Bd6 16. Ne3 Bf4 17. Nd5 Bh6 18.
Rd3 Bf7 19. Rad1 Bg6 20. Re1 Rhe8 21. Nd2 Bxd2 22. Rxd2 Rxe4 23. Rxe4 Bxe4 24. Ne3 Nd4 25. Bxd4 Rxd4 26. Rxd4 cxd4 0-1

[Event "Early-Titled-Tuesday-Blitz-December-26-2023"]
[Site "Chess.com"]
[Date "2023.12.26"]
[Round "4"]
[White "Kaissa10"]
[Black "Nechitaylo_Nikita"]
[Result "0-1"]
[WhiteElo "2093"]
[BlackElo "2297"]
[TimeControl "180+1"]
[EndTime "8:37:19 PST"]
[Termination "Nechitaylo_Nikita won by checkmate"]

1. e4 c5 2. Nf3 d6 3. Bb5+ Bd7 4. Bxd7+ Qxd7 5. c4 Nf6 6. Nc3 e5 7. O-O Nc6 8. d3 Be7 9. a3 O-O 10. Rb1 a5 11. h3 Nd4 12. b4 axb4 13. axb4 b6 14. Be3 Ra3 15. Bxd4 exd4 16. Nb5 Ra2 17. Ra1 Rfa8 18.
Rxa2 Rxa2 19. Qb3 Re2 20. Qd1 Rb2 21. bxc5 bxc5 22. Qa4 h6 23. Ra1 Nh5 24. Qa8+ Kh7 25. Ra7 Qe6 26. Qe8 Bh4 27. Qxe6 Bxf2+ 28. Kf1 Ng3# 0-1

[Event "Early-Titled-Tuesday-Blitz-December-26-2023"]
[Site "Chess.com"]
[Date "2023.12.26"]
[Round "4"]
[White "rasmussvane"]
[Black "combidharma"]
[Result "1-0"]
[WhiteElo "2936"]
[BlackElo "2780"]
[TimeControl "180+1"]
[EndTime "8:37:24 PST"]
[Termination "rasmussvane won by resignation"]

1. Nf3 Nf6 2. g3 g6 3. Bg2 c5 4. c4 Bg7 5. O-O O-O 6. Nc3 Nc6 7. d4 cxd4 8. Nxd4 d6 9. e3 Bd7 10. b3 Rc8 11. Bb2 Qa5 12. Qd2 Rfd8 13. Rac1 a6 14. h3 Nxd4 15. exd4 b5 16. cxb5 axb5 17. a3 Bc6 18. d5 Bb7 19. b4 Qb6 20. Rfe1 Rc7 21.
Re2 Rdc8 22. Rce1 Kf8 23. Qd3 Rc4 24. Rxe7 Ba8 25. R7e2 Nd7 26. Nd1 Ne5 27. Qe3 Qc7 28. f4 Nd7 29. Qe8+ 1-0

[Event "Early-Titled-Tuesday-Blitz-December-26-2023"]
[Site "Chess.com"]
[Date "2023.12.26"]
[Round "4"]
[White "NowInChess"]
[Black "viktorskliarov"]
[Result "0-1"]
[WhiteElo "2304"]
[BlackElo "2649"]
[TimeControl "180+1"]
[EndTime "8:37:24 PST"]
[Termination "viktorskliarov won by resignation"]

1. e4 c5 2. d3 Nc6 3. g3 g6 4. Bg2 Bg7 5. f4 d6 6. Nf3 Nf6 7. O-O O-O 8. h3 Rb8 9. g4 b5 10. Nc3 b4 11. Ne2 a5 12. f5 Ba6 13. Rb1 c4 14. Ng3 b3 15. axb3 cxd3 16. cxd3 Qb6+ 17. Kh1 Qxb3 18. Qxb3 Rxb3 19. g5 Nd7 20. Nd2 Rxd3 21. Rf3 Nde5 22. Rxd3 Bxd3 23. Ra1 Rb8 24. Bf1 Rb5 25.
Ra3 Bxf1 26. Ngxf1 Rc5 27. Nb3 Rc4 28. Nbd2 Rxc1 29. Kg2 h6 30. Nb3 Rc2+ 31. Kg3 hxg5 0-1

[Event "Early-Titled-Tuesday-Blitz-December-26-2023"]
[Site "Chess.com"]
[Date "2023.12.26"]
[Round "4"]
[White "GMBenjaminBok"]
[Black "Lion-Al-Messi"]
[Result "1-0"]
[WhiteElo "2974"]
[BlackElo "2624"]
[TimeControl "180+1"]
[EndTime "8:37:27 PST"]
[Termination "GMBenjaminBok won on time"]

1. d4 Nf6 2. c4 b6 3. Nc3 Bb7 4. Qc2 d5 5. cxd5 Nxd5 6. e4 Nxc3 7. bxc3 e5 8. Nf3 exd4 9. Bb5+ c6 10. Bc4 b5 11.
Bb3 d3 12. Qb1 c5 13. Ne5 Bd6 14. Nxf7 Qe7 15. Qxd3 Bc7 16. Bg5 c4 17. Bxe7 cxd3 18. Bd6 Ba5 19. Bb4 Bxb4 20. cxb4 Rf8 21. Nd6+ Ke7 22.
Nxb7 Nc6 23. a3 Nd4 24. Bd1 1-0

[Event "Early-Titled-Tuesday-Blitz-December-26-2023"]
[Site "Chess.com"]
[Date "2023.12.26"]
[Round "4"]
[White "MidnightFox"]
[Black "MIM06"]
[Result "1-0"]
[WhiteElo "2498"]
[BlackElo "2254"]
[TimeControl "180+1"]
[EndTime "8:37:30 PST"]
[Termination "MidnightFox won by resignation"]

1. d4 Nf6 2. c4 e6 3. Nc3 Bb4 4.
a3 Bxc3+ 5. bxc3 c5 6. e3 Nc6 7. Bd3 O-O 8. Ne2 b6 9. O-O Ba6 10. e4 Na5 11. Bg5 h6 12. Bh4 d6 13. f4 Qc7 14.
Bxf6 gxf6 15. Ng3 Kh7 16. e5+ f5 17. Nh5 Bxc4 18. Nf6+ Kg7 19. Rf3 Rh8 20. Rg3+ Kf8 21. Bxc4 Nxc4 22. d5 dxe5 23. dxe6 fxe6 24. Nd7+ Kf7 25.
Qh5+ Ke7 26. Rg7+ Kd8 27. Rd1 Kc8 28. Qg6 Qc6 29. Nxe5 Nxe5 30. fxe5 Re8 31. Rd6 Qb5 32.
h3 Rb8 33. Qf7 1-0

[Event "Early-Titled-Tuesday-Blitz-December-26-2023"]
[Site "Chess.com"]
[Date "2023.12.26"]
[Round "4"]
[White "Agibileg"]
[Black "DishonorOnYourCow"]
[Result "1-0"]
[WhiteElo "2705"]
[BlackElo "2529"]
[TimeControl "180+1"]
[EndTime "8:37:31 PST"]
[Termination "Agibileg won on time"]

1. d4 Nf6 2. c4 g6 3. Nc3 d5 4. cxd5 Nxd5 5. e4 Nxc3 6. bxc3 Bg7 7. Bc4 c5 8. Ne2 O-O 9. Be3 Nc6 10. O-O Bg4 11. f3 Na5 12. Bxf7+ Rxf7 13. fxg4 Rxf1+ 14. Kxf1 Qd6 15. Kg1 Qe6 16. Qd3 cxd4 17. cxd4 Rd8 18. h3 Nc6 19. Kh1 a5 20. a3 Qf7 21. Qc3 a4 22.
Rb1 Qa2 23. Rb2 Qa1+ 24. Kh2 Qf1 25. e5 Kh8 26. Ng3 Qd1 27. Rxb7 Nxd4 28. Bxd4 Rxd4 29.
Rxe7 Rd8 30. Qc7 Rg8 31. e6 Qa1 32. Rd7 Qxa3 33. e7 Qe3 34. Rd8 a3 35. Qc4 1-0

[Event "Early-Titled-Tuesday-Blitz-December-26-2023"]
[Site "Chess.com"]
[Date "2023.12.26"]
[Round "4"]
[White "Slovak_fighter2000"]
[Black "HappyPawny"]
[Result "1-0"]
[WhiteElo "2509"]
[BlackElo "2262"]
[TimeControl "180+1"]
[EndTime "8:37:34 PST"]
[Termination "Slovak_fighter2000 won by resignation"]

1. h4 Nf6 2. c4 e5 3. Nc3 d5 4. cxd5 Nxd5 5. g3 Be6 6. Bg2 c6 7. Nf3 Nd7 8. Ng5 Nxc3 9. bxc3 Bd5 10. Bxd5 cxd5 11. Qb3 h6 12. Nxf7 Kxf7 13. Qxd5+ Ke8 14. Qxb7 Be7 15. O-O g5 16. h5 Nf6 17. Qc6+ Kf8 18.
d4 Rc8 19. Qa6 exd4 20. Rd1 Rxc3 21. Bb2 Qc8 22. Qxa7 Rc2 23. Bxd4 Rxe2 24. Rac1 Qh3 25. Bxf6 Bxf6 26. Rb1 Be7 27. Rb8+ Kg7 28. Qd4+ Bf6 29. Rb7+ Kg8 30. Qxf6 1-0

[Event "Early-Titled-Tuesday-Blitz-December-26-2023"]
[Site "Chess.com"]
[Date "2023.12.26"]
[Round "4"]
[White "AjedrezInteligente"]
[Black "GoltsevDmitry2000"]
[Result "0-1"]
[WhiteElo "2517"]
[BlackElo "2702"]
[TimeControl "180+1"]
[EndTime "8:37:39 PST"]
[Termination "GoltsevDmitry2000 won by resignation"]

1. e4 e6 2. d4 d5 3. Bd3 c5 4. exd5 exd5 5. dxc5 Bxc5 6. Nf3 Nf6 7. O-O O-O 8. Nc3 Nc6 9. Bg5 Bg4 10. h3 Bh5 11. Bxf6 Qxf6 12. Nxd5 Qxb2 13. Nf4 Bxf3 14. Qxf3 Ne5 15. Qe4 Ng6 16. Nxg6 hxg6 17. Rab1 Qxa2 18. Rxb7 Rae8 19. Qc6 Re5 20. Rc7 a5 21. Qa6 a4 22.
Qc4 Qxc4 23. Bxc4 a3 24. g3 Bd4 25. Rb7 Rf5 26. Kg2 Re8 27. f4 Re3 28. Bd3 Rxd3 29. cxd3 Ra5 30. Rb8+ Kh7 31. Rbb1 a2 32. Ra1 Ra3 33.
Kf3 Bxa1 34. Rxa1 Rxd3+ 35. Ke4 Ra3 36. g4 f6 37. h4 Kh6 38. Kd4 Ra4+ 39. Ke3 f5 40. gxf5 gxf5 41. Kf3 Kh5 42. Ke3 Ra3+ 43. Kd4 Kxh4 44. Ke5 Kg4 45. Rg1+ Kf3 46. Rf1+ Ke2 47. Ra1 g6 48. Kf6 Kd2 49. Kxg6 Ra5 50. Kg5 Kc3 51. Rxa2 Rxa2 52. Kxf5 Kd4 53. Kg6 Rf2 54. f5 Ke5 0-1

[Event "Early-Titled-Tuesday-Blitz-December-26-2023"]
[Site "Chess.com"]
[Date "2023.12.26"]
[Round "4"]
[White "JimDiGrease"]
[Black "Eternauta2400"]
[Result "1-0"]
[WhiteElo "2987"]
[BlackElo "2808"]
[TimeControl "180+1"]
[EndTime "8:37:41 PST"]
[Termination "JimDiGrease won by resignation"]

1. d4 Nf6 2. c4 e6 3. Bf4 d5 4.
Nc3 Bb4 5. Qa4+ Nc6 6. e3 O-O 7.
Nf3 Ne4 8. Qc2 Nf6 9. Bd3 dxc4 10. Bxc4 a6 11. O-O b5 12. Be2 Bb7 13. a4 bxa4 14.
Nxa4 Qe7 15. Rfc1 Bd6 16. Bg3 Nb4 17. Qb3 Bd5 18. Qa3 a5 19. Nc5 Ne4 20. Nxe4 Bxe4 21. Qa4 Rfb8 22. Ne5 h6 23. h3 f6 24. Nd7 Bc6 25. Rxc6 Qxd7 26. Rcc1 Bxg3 27. Qxd7 1-0

[Event "Early-Titled-Tuesday-Blitz-December-26-2023"]
[Site "Chess.com"]
[Date "2023.12.26"]
[Round "4"]
[White "Manukyan_Artak"]
[Black "Lion_DL"]
[Result "0-1"]
[WhiteElo "2600"]
[BlackElo "2370"]
[TimeControl "180+1"]
[EndTime "8:37:41 PST"]
[Termination "Lion_DL won by resignation"]

1. e4 c5 2. Nf3 e6 3. c3 Nf6 4. e5 Nd5 5. d4 cxd4 6. cxd4 d6 7.
Nc3 Nxc3 8. bxc3 Qc7 9. Bd2 Nd7 10. Bb5 a6 11. Bxd7+ Bxd7 12. O-O Be7 13. Re1 O-O 14. exd6 Bxd6 15. Ne5 Rac8 16. Qh5 f6 17. Nxd7 Qxd7 18. a4 e5 19. Qe2 Rfe8 20. Qd3 exd4 21. cxd4 Be5 22. Be3 Red8 23. Red1 Qd5 24. Rab1 Rc4 25. Rxb7 Bxd4 26. Qb1 Qc5 27. Rb8 Rxb8 28. Qxb8+ Kf7 29. Qb7+ Kf8 30. Qb8+ Kf7 31. Qb7+ Kf8 32. Bxd4 Rxd4 33. Re1 Rd8 34. Qxa6 Qb4 35. Qb5 Qxe1+ 0-1

[Event "Early-Titled-Tuesday-Blitz-December-26-2023"]
[Site "Chess.com"]
[Date "2023.12.26"]
[Round "4"]
[White "bubeliang"]
[Black "sergoy"]
[Result "0-1"]
[WhiteElo "2782"]
[BlackElo "2949"]
[TimeControl "180+1"]
[EndTime "8:37:45 PST"]
[Termination "sergoy won by resignation"]

1. e4 c5 2. c3 Nf6 3. e5 Nd5 4. Nf3 e6 5. d4 cxd4 6. cxd4 d6 7. Bc4 Nc6 8. O-O Be7 9. Qe2 O-O 10. Qe4 Bd7 11. Bd3 f5 12. exf6 Nxf6 13. Qe2 Nb4 14. Bc4 d5 15. Bb3 Nc6 16. Nc3 a6 17. Be3 Qc7 18.
Rad1 Bd6 19. Rfe1 Rae8 20. h3 Re7 21. Bc2 Be8 22. Qd2 Bh5 23. Qe2 Kh8 24. Bg5 Ref7 25. Qxe6 Nb4 26. Bb3 Re7 27. Qf5 Rxe1+ 28. Rxe1 Bg6 29. Qf4 Bxf4 30. Bxf6 gxf6 31. a3 Nd3 32. Re2 Nc1 33. Nxd5 Nxe2+ 34. Kf1 Qc1+ 35. Kxe2 Re8+ 36.
Ne3 Bxe3 37. fxe3 Rxe3+ 0-1

[Event "Early-Titled-Tuesday-Blitz-December-26-2023"]
[Site "Chess.com"]
[Date "2023.12.26"]
[Round "4"]
[White "tantaan"]
[Black "ChessBliss09"]
[Result "1-0"]
[WhiteElo "2472"]
[BlackElo "2093"]
[TimeControl "180+1"]
[EndTime "8:37:49 PST"]
[Termination "tantaan won on time"]

1. e4 c6 2. d4 d5 3. f3 dxe4 4. fxe4 e5 5. Nf3 Bg4 6. Bc4 Nf6 7. O-O Be7 8. Bxf7+ Kxf7 9. Nxe5+ Ke8 10. Nxg4 Nxg4 11. Qxg4 Qxd4+ 12. Kh1 Nd7 13. Nc3 Nf6 14. Qxg7 Rg8 15.
Qh6 Nxe4 16. Qh5+ Kd8 17. Nxe4 Qxe4 18. Qh3 Kc7 19. Bf4+ Kb6 20. Rae1 Qc4 21. Rf3 Bb4 22. c3 Bc5 23. b4 Be7 24. Rxe7 Rad8 25. Re1 1-0

[Event "Early-Titled-Tuesday-Blitz-December-26-2023"]
[Site "Chess.com"]
[Date "2023.12.26"]
[Round "4"]
[White "Kirill_Klukin"]
[Black "wonderfultime"]
[Result "0-1"]
[WhiteElo "2836"]
[BlackElo "3016"]
[TimeControl "180+1"]
[EndTime "8:37:51 PST"]
[Termination "wonderfultime won on time"]

1. d4 d5 2. c4 c6 3. Nc3 Nf6 4. Nf3 a6 5. e3 Bf5 6. Bd3 Bg6 7.
O-O e6 8. b3 Nbd7 9. Bb2 Bd6 10. Qc2 O-O 11. e4 dxe4 12. Nxe4 Nxe4 13. Bxe4 a5 14. Rad1 Re8 15. Bxg6 hxg6 16. d5 cxd5 17. cxd5 Rc8 18. Qd3 e5 19. Nd2 Nc5 20. Qb5 e4 21.
Nc4 Nd3 22. Bd4 Bc5 23. Be3 Qxd5 24. Nxa5 Qe5 25. Nc4 Qe7 26. Nb6 Rc6 27. Nd5 Qe5 28.
Rxd3 exd3 29. Qxd3 Rd8 30. Rd1 Rcd6 0-1